 Dungeon Crawl Stone Soup version 0.30-a0-953-g5f1da4a474 (webtiles) character file.

Game seed: 14150732675103550547

21683 Iniera the Destroyer (level 12, -5/91 HPs)
             Began as a Demonspawn Conjurer on Mar 27, 2023.
             Was a Follower of Vehumet.
             Slain by a frost giant
             ... wielding a +3 battleaxe of freezing
              (27 damage)
             ... on level 12 of the Dungeon on Mar 28, 2023.
             The game lasted 00:41:34 (17662 turns).

Iniera the Destroyer (Demonspawn Conjurer)         Turns: 17662, Time: 00:41:36

Health: -5/91      AC: 14    Str:  8    XL:     12   Next: 56%
Magic:  25/26      EV: 13    Int: 23    God:    Vehumet [*.....]
Gold:   2054       SH:  0    Dex: 13    Spells: 15/31 levels left

rFire   . . .      SeeInvis .    F - +10 hand axe of Dof Ykeo {freeze, rN+ Will+}
rCold   . . .      Faith    .    c - +0 buckler
rNeg    + . .      Spirit   .    C - +1 robe {Will+}
rPois   .          Reflect  .    l - +2 helmet
rElec   .          Rampage  .    g - +0 cloak
rCorr   .                        (no gloves)
Will    ++...                    (no boots)
Stlth   ++                       (no amulet)
HPRegen 0.35/turn                H - +4 ring of protection
MPRegen 0.20/turn                (no ring)

@: confused, ambrosia-drunk, invisible
A: hooves 2, icy blue scales 2, foul stench 1, condensation shield, fangs 1,
camouflage 1
a: Renounce Religion


You were on level 12 of the Dungeon.
You worshipped Vehumet.
Vehumet was aware of your devotion.
You visited 2 branches of the dungeon, and saw 13 of its levels.

You collected 2134 gold pieces.
You spent 80 gold pieces at shops.

Inventory:

Hand Weapons
 F - the +10 hand axe of Dof Ykeo (weapon) {freeze, rN+ Will+}
   (You found it on level 10 of the Dungeon)

   rN:        It protects you from negative energy.
   Will:      It increases your willpower.
Armour
 b - a +1 robe of fire resistance
 c - a +0 buckler (worn)
 g - a +0 cloak (worn)
 l - a +2 helmet (worn)
 C - a +1 robe of willpower (worn)
Magical Staves
 B - a staff of air
Jewellery
 H - a +4 ring of protection (left hand)
Wands
 a - a wand of mindburst (3)
 d - a wand of polymorph (13)
 i - a wand of paralysis (18)
 y - a wand of light (8)
 E - a wand of digging (14)
Scrolls
 e - a scroll of identify
 m - 2 scrolls of poison
 n - 3 scrolls of teleportation
 o - 4 scrolls of immolation
 p - 3 scrolls of blinking
 r - a scroll of fear
 s - 2 scrolls of fog
Potions
 f - 4 potions of attraction
 h - 3 potions of curing
 j - 3 potions of ambrosia
 k - a potion of flight
 q - 2 potions of might
 t - 2 potions of lignification
 u - 2 potions of berserk rage {unknown}
 v - a potion of invisibility
 w - 3 potions of degeneration {unknown}
 x - 4 potions of haste {unknown}
 z - a potion of magic
 A - a potion of heal wounds
 D - a potion of brilliance {unknown}
 G - a potion of cancellation {unknown}


   Skills:
 + Level 7.5 Fighting
 - Level 2.2 Staves
 - Level 4.5 Dodging
 - Level 1.7 Stealth
 - Level 3.0 Shields
 + Level 10.1 Spellcasting
 + Level 12.5 Conjurations
 - Level 5.6 Hexes
 - Level 5.1 Translocations
 + Level 3.1 Transmutations
 - Level 4.0 Evocations


You had 15 spell levels left.
You knew the following spells:

 Your Spells              Type           Power      Damage    Failure   Level
a - Magic Dart            Conj           100%       1d8       1%          1
b - Searing Ray           Conj           100%       2d8       1%          2
c - Fulminant Prism       Conj/Hex       26%        3d14      1%          4
d - Iskenderun's Mystic   Conj/Tloc      51%        2d11      1%          4
f - Yara's Violent Unrav  Hex/Tmut       15%        3d8       32%         5

Your spell library contained the following spells:

 Spells                   Type           Power      Damage    Failure   Level
 Kiss of Death            Conj/Necr      100%       2d13      1%          1
 Dazzling Flash           Conj/Hex       100%       N/A       1%          3
 Tukima's Dance           Hex            37%        N/A       2%          3
 Ensorcelled Hibernation  Hex/Ice        48%        N/A       3%          2
 Passwall                 Tmut/Erth      15%        N/A       6%          2
 Summon Guardian Golem    Hex/Summ       24%        N/A       7%          3
 Summon Small Mammal      Summ           44%        N/A       8%          1
 Passage of Golubria      Tloc           35%        N/A       9%          4
 Call Canine Familiar     Summ           11%        N/A       22%         3
 Swiftness                Air            11%        N/A       22%         3


Dungeon Overview and Level Annotations

Branches:
Dungeon (12/15)            Temple (1/1) D:4            Lair (0/5) D:10
    Orc (0/2) D:11

Altars:
Ashenzari
Cheibriados
Dithmenos
Fedhas
Gozag
Hepliaklqana
Kikubaaqudgha
Makhleb
Nemelex Xobeh
Okawaru
Qazlal
Ru
Sif Muna
Trog
Uskayaw
Vehumet
Wu Jian
Xom
Yredelemnul
Jiyva

Shops:
D:7 *

Portals:
Trove: D:10 (show abyssal rune of Zot)

Annotations:
D:12 3 runed translucent doors


Innate Abilities, Weirdness & Mutations

You have hoof-like feet.
You are mostly covered in icy blue scales. (AC +3)
You may rarely emit foul miasma when damaged in melee.
A meltable shield of frost defends you. (SH +0)
You have very sharp teeth.
Your skin changes colour to match your surroundings (Stealth+).


Message History

The fire giant is severely wounded.
Your attack snaps the fire giant out of its fear.
The fire giant is blinded.
The orc wizard looks even sicker.
The orc wizard casts a spell.
The orc wizard flickers and vanishes!
Deactivating autopickup; reactivate with Ctrl-A.
The frost giant is engulfed in poison gas.
The frost giant is poisoned.
You are confused.
You feel invigorated.
The troll is engulfed in poison gas.
The troll looks even sicker.
Vehumet accepts your kill.
Reactivating autopickup.
You feel a bit more experienced.
The fire giant is engulfed in poison gas.
The fire giant looks even sicker.
You're too confused to attack without stumbling around!
The fire giant is engulfed in poison gas.
The fire giant looks even sicker.
The fire giant casts a spell at you.
The fireball explodes!
The fireball engulfs the frost giant!!
The fireball engulfs you!!
* * * LOW HITPOINT WARNING * * *
The frost giant is engulfed in poison gas.
The frost giant looks even sicker.
The frost giant barely misses you.
Unknown command.
Unknown command.
The fire giant is no longer blind.
The fire giant is engulfed in poison gas.
The fire giant looks as sick as possible!
The frost giant looks even sicker.
The frost giant points at you and mumbles some strange words.
The bolt of cold misses you.
The frost giant is no longer blind.
The fire giant hits you with a +0 great sword of flaming.
* * * LOW HITPOINT WARNING * * *
The fire giant burns you.
* * * LOW HITPOINT WARNING * * *
The frost giant hits you with a +3 battleaxe of freezing!!
You die...

.....................
.....................
.....................
...............###### ≈###
..............# # ## #
≈☼≈≈#############..# # ≈#~≈
.§○§~~#~§≈○§§§☼§#..# # .#..
)☼☼.§§#CC§☼§§§§§#..# # .+..
.§§§☼§'§@☼.§§§§§##.# #
.+.!..||)☼§.§§○☼§§☼☼§○☼☼≈#.######
.+....!?(§§.§§○☼§§○§☼§§○~#.......
.#.....))☼☼§§.#○§☼☼§☼§§§~#.......
.#/..~~≈~☼~○☼○#§§§§§○§☼§~#.......
.# ~~~T≈≈○§§§~#☼§§○§§☼§§≈#.......
######################☼☼###......
≈~≈≈~~~~~~~~~~~~~≈~~~~○§..##.###.
.............).............#)# ##


You could see a frost giant (very poisoned) and a fire giant (strong, extremely
poisoned).

Vanquished Creatures
  A boulder beetle (D:9)
  4 two-headed ogres
  A flayed ghost (D:12)
  3 ugly things (D:12)
  A cyclops (D:11)
  A manticore (D:12)
  Joseph (D:8)
  A gargoyle (D:11)
  Maurice (D:8)
  An unseen horror zombie (D:8)
  3 unseen horrors
  3 komodo dragons
  Psyche (D:7)
  A kobold demonologist (D:7)
  A freezing wraith (D:12)
  A queen bee (shapeshifter) (D:12)
  5 trolls
  Prince Ribbit (D:8)
  A hornet (D:7)
  4 slime creatures (D:11)
  Sigmund (D:4)
  2 shadows
  17 yaks
  2 steam dragons (D:8)
  3 wraiths
  4 vampire mosquitoes (D:12)
  An acid dragon (shapeshifter) (D:12)
  2 water moccasins (D:6)
  2 acid dragons
  2 ice beasts
  9 orc warriors
  A black bear (D:8)
  3 hornet zombies (D:8)
  An ogre (D:6)
  4 boggarts (D:12)
  3 centaurs
  4 kobold brigands
  5 bullfrogs
  2 gnoll sergeants
  3 wyvern zombies (D:8)
  2 scorpions
  13 wights
  5 killer bees (D:6)
  2 electric eels (D:12)
  5 howler monkeys
  5 jellies
  A centaur zombie (D:8)
  A hound (D:6)
  13 orc priests
  2 sleepcaps
  4 iguanas
  11 orc wizards
  Ijyb (D:4)
  A killer bee zombie (D:8)
  5 adders
  8 gnolls
  3 white imps
  An ufetubus (D:6)
  An adder skeleton (D:2)
  A worm (D:2)
  3 dart slugs
  53 orcs
  A bat skeleton (D:2)
  2 bat zombies (D:2)
  6 endoplasms
  3 giant cockroaches
  12 goblins
  9 hobgoblins
  5 quokkas
  12 ball pythons
  4 bats
  3 frilled lizards
  A giant cockroach zombie (D:2)
  24 kobolds
  A quokka skeleton (D:2)
  2 rats (D:1)
333 creatures vanquished.

Vanquished Creatures (others)
  A vampire (D:12)
  47 fulminant prisms
  8 plants
  5 withered plants
61 creatures vanquished.

Grand Total: 394 creatures vanquished

Notes
Turn   | Place    | Note
-------+----------+-------------------------------------------
     0 | D:1      | Iniera the Demonspawn Conjurer began the quest for the Orb.
     0 | D:1      | Reached XP level 1. HP: 13/13 MP: 3/3
   190 | D:1      | Gained mutation: You are partially covered in icy blue
                  | scales. (AC +2) [demonic ancestry]
   190 | D:1      | Reached XP level 2. HP: 19/19 MP: 0/5
   356 | D:1      | Learned a level 2 spell: Searing Ray
  1070 | D:2      | Reached XP level 3. HP: 24/24 MP: 1/7
  1391 | D:2      | Identified the +1 hat "Yckelin" {Fly Will+ Str-4}
  1409 | D:2      | Identified the +0 chain mail "Keelol" {rC+ Int-2 Stlth+}
  1796 | D:2      | Reached XP level 4. HP: 30/30 MP: 5/8
  2411 | D:3      | Reached skill level 5 in Conjurations
  2864 | D:3      | Reached XP level 5. HP: 35/35 MP: 3/10
  2873 | D:3      | Learned a level 4 spell: Fulminant Prism
  2878 | D:3      | Learned a level 4 spell: Iskenderun's Mystic Blast
  3315 | D:4      | Noticed Ijyb
  3318 | D:4      | Paralysed by Ijyb for 5 turns
  3324 | D:4      | Paralysed by Ijyb for 4 turns
  3329 | D:4      | Killed Ijyb
  3756 | D:4      | Found a staircase to the Ecumenical Temple.
  3768 | Temple   | Entered the Ecumenical Temple
  3969 | D:4      | Reached skill level 1 in Hexes
  3969 | D:4      | Reached skill level 1 in Translocations
  4002 | D:4      | Noticed Sigmund
  4009 | D:4      | Gained mutation: A meltable shield of frost defends you.
                  | (SH +0) [demonic ancestry]
  4009 | D:4      | Reached XP level 6. HP: 41/41 MP: 7/12
  4017 | D:4      | Killed Sigmund
  4018 | D:4      | Reached skill level 6 in Conjurations
  4095 | D:4      | Identified the +5 ring mail of the Great Game {rN+ rCorr
                  | Str+3}
  4688 | D:5      | Entered Level 5 of the Dungeon
  4848 | D:5      | Reached XP level 7. HP: 42/46 MP: 3/13
  5226 | D:5      | Gained mutation: You have very sharp teeth. [potion of
                  | mutation]
  5226 | D:5      | Gained mutation: Your skin changes colour to match your
                  | surroundings (Stealth+). [potion of mutation]
  5516 | D:5      | Reached skill level 1 in Shields
  5662 | D:5      | Found an ancient bone altar of Kikubaaqudgha.
  5888 | D:5      | Identified a scroll of acquirement
  5888 | D:5      | Acquired 1210 gold pieces
  5907 | D:6      | Found an iron altar of Okawaru.
  6067 | D:6      | Reached skill level 5 in Spellcasting
  6143 | D:6      | Reached skill level 7 in Conjurations
  6143 | D:6      | Gained mutation: You may rarely emit foul miasma when
                  | damaged in melee. [demonic ancestry]
  6143 | D:6      | Reached XP level 8. HP: 52/52 MP: 9/15
  7460 | D:6      | Reached skill level 8 in Conjurations
  7570 | D:6      | Found a sacrificial altar of Ru.
  7990 | D:6      | Gained mutation: You have large cloven feet. [demonic
                  | ancestry]
  7990 | D:6      | Reached XP level 9. HP: 44/57 MP: 9/17
  8283 | D:7      | Found Ryle's General Store.
  8288 | D:7      | Bought 2 scrolls of fear for 80 gold pieces
  8685 | D:7      | Found a transporter.
  8694 | D:7      | Noticed a kobold demonologist
  8908 | D:7      | Found a transporter.
  8934 | D:7      | Noticed a two-headed ogre
  8946 | D:7      | Killed a two-headed ogre
  8947 | D:7      | Reached skill level 9 in Conjurations
  9155 | D:7      | Killed a kobold demonologist
  9470 | D:8      | Noticed Maurice
  9471 | D:8      | Noticed Psyche
  9472 | D:8      | Reached skill level 10 in Conjurations
  9472 | D:8      | Gained mutation: You are mostly covered in icy blue scales.
                  | (AC +3) [demonic ancestry]
  9472 | D:8      | Reached XP level 10. HP: 65/68 MP: 6/20
  9588 | D:7      | Killed Psyche
  9752 | D:8      | Killed Maurice
 10012 | D:8      | Found a basalt altar of Yredelemnul.
 10212 | D:8      | Reached skill level 1 in Evocations
 10622 | D:8      | Noticed Prince Ribbit
 10631 | D:8      | Killed Prince Ribbit
 10637 | D:8      | Noticed Joseph
 10684 | D:8      | Killed Joseph
 11359 | D:8      | Upgraded the game from 0.30-a0-949-g53dc5368d7 to
                  | 0.30-a0-953-g5f1da4a474
 11814 | D:9      | Reached skill level 11 in Conjurations
 12219 | D:9      | Noticed a boulder beetle
 12244 | D:9      | Killed a boulder beetle
 12245 | D:9      | Gained mutation: You have hoof-like feet. [demonic
                  | ancestry]
 12245 | D:9      | Reached XP level 11. HP: 21/78 MP: 1/23
 12597 | D:9      | Found a viscous altar of Jiyva.
 12725 | D:10     | Entered Level 10 of the Dungeon
 13452 | D:10     | Reached skill level 5 in Fighting
 13526 | D:10     | Identified the +10 hand axe of Dof Ykeo {freeze, rN+ Will+}
 13948 | D:10     | Noticed a two-headed ogre
 13961 | D:10     | Killed a two-headed ogre
 14132 | D:10     | Found a staircase to the Lair.
 14287 | D:10     | Found a portal to a secret trove of treasure.
 14369 | D:10     | Noticed a two-headed ogre
 14379 | D:10     | Killed a two-headed ogre
 14441 | D:10     | Found a hide-covered altar of Uskayaw.
 14469 | D:10     | Found a shadowy altar of Dithmenos.
 14472 | D:10     | Found a radiant altar of Vehumet.
 14476 | D:10     | Became a worshipper of Vehumet
 15069 | D:11     | Reached skill level 12 in Conjurations
 15190 | D:11     | Learned a level 5 spell: Yara's Violent Unravelling
 15231 | D:11     | Found a staircase to the Orcish Mines.
 15682 | D:11     | Reached skill level 1 in Transmutations
 15982 | D:12     | Reached XP level 12. HP: 66/89 MP: 5/25
 15988 | D:11     | Reached skill level 1 in Staves
 16180 | D:12     | Reached skill level 5 in Hexes
 17168 | D:12     | Reached * piety under Vehumet
 17168 | D:12     | Offered knowledge of Kiss of Death by Vehumet.
 17179 | D:12     | Reached skill level 10 in Spellcasting
 17189 | D:12     | Reached skill level 5 in Translocations
 17491 | D:12     | Found a runed translucent gate.
 17491 | D:12     | Found a runed translucent gate.
 17491 | D:12     | Found a runed translucent gate.
 17532 | D:12     | Noticed a sphinx
 17536 | D:12     | Noticed a frost giant
 17541 | D:12     | Noticed a two-headed ogre
 17553 | D:12     | Killed a two-headed ogre
 17587 | D:12     | Noticed a fire giant
 17632 | D:12     | Found a runed translucent gate.
 17632 | D:12     | Found a runed translucent gate.
 17632 | D:12     | Found a runed translucent gate.
 17662 | D:12     | Slain by a frost giant

Illustrated notes

Levels and vault maps discovered:
D:1:      lemuel_arrival_behind_the_door_large, layout_loops_ring
D:2:      layout_rooms, serial_undead, serial_undead_b, serial_undead_b,
          serial_undead_e, serial_undead_a, serial_undead_c
D:3:      layout_basic
D:4:      layout_basic, minmay_temple_entry_wispy, uniq_sigmund, uniq_ijyb
D:5:      layout_basic, kiku_gazebo_garden_becter
D:6:      cheibrodos_thug_alley, layout_layer_cave, general_overflow_altar,
          mainiacjoe_overflow_concentric_impassable
D:7:      gammafunk_wand_slinger, layout_loops_ring, serial_shops,
          nicolae_stop_n_shop_2
D:8:      layout_layer_cave, nicolae_yredelemnul_corpse_copse, uniq_psyche,
          uniq_joseph, uniq_maurice, uniq_prince_ribbit1
D:9:      layout_loops_cross, jiyva_altar_1
D:10:     layout_cave_pools, grunt_temple_overflow_cloverleaf,
          david_lair_shrubbed, nicolae_trove_entry_diagonal
D:11:     layout_roguey, orc_david_3, serial_glass, glass_columns_b,
          glass_columns_a
D:12:     kennysheep_treasure_stockpile, layout_irregular_city
Temple:   nicolae_temple_bog_church

Skill      XL: |  1  2  3  4  5  6  7  8  9 10 11 12 |
---------------+-------------------------------------+-----
Spellcasting   | 3 4 5 7 8 9 10 | 10.1
Conjurations   | 5 6 7 8 10 11 12 | 12.5
Hexes          | 1 2 4 5 |  5.6
Translocations | 1 2 3 4 5 |  5.1
Shields        | 1 3 |  3.0
Fighting       | 2 4 6 7 |  7.5
Dodging        | 3 4 |  4.5
Evocations     | 3 4 |  4.0
Transmutations | 1 3 |  3.1
Staves         | 2 |  2.2
Stealth        | |  1.7

Action                     |  1- 3 |  4- 6 |  7- 9 | 10-12 || total
---------------------------+-------+-------+-------+-------++-------
  Melee: Unarmed           |    38 |       |       |       ||    38
         Whip              |    17 |    33 |    88 |   138 ||   276
         Punch             |       |     1 |       |       ||     1
         Bite              |       |       |     5 |    34 ||    39
         Kick              |       |       |     5 |   108 ||   113
         Hand axe          |       |       |       |   115 ||   115
   Cast: Magic Dart        |    91 |    86 |   112 |   144 ||   433
         Searing Ray       |     1 |    15 |    38 |    50 ||   104
         Fulminant Prism   |       |     2 |    10 |    35 ||    47
         Iskenderun's Myst |       |       |    11 |    95 ||   106
  Evoke: Wand              |       |       |       |    22 ||    22
    Use: Scroll            |       |    10 |     9 |    10 ||    29
         Potion            |       |       |     5 |     4 ||     9
   Stab: Sleeping          |       |       |     1 |     1 ||     2
 Armour: Robe              |    33 |    18 |    37 |   137 ||   225
         Skin              |       |       |       |     9 ||     9
  Dodge: Dodged            |    76 |    26 |    63 |   169 ||   334
  Block: Other             |       |     2 |     2 |       ||     4
         Buckler           |       |       |    41 |   149 ||   190

Table legend: (Time is in decaauts)
 A = Elapsed time spent in this place.
 B = Non-inter-level travel time spent in this place.
 C = Inter-level travel time spent in this place.
 D = Time resting spent in this place.
 E = Time spent auto-exploring this place.
 F = Levels seen in this place.
 G = Mean time per level.
                   A        B        C        D        E       F      G
               +--------+--------+--------+--------+--------+-----+--------+
         Total |  17780 |  17398 |    382 |   2642 |  12130 |  13 | 1367.7 |
       Dungeon |  17619 |  17253 |    366 |   2642 |  11996 |  12 | 1468.2 |
        Temple |    160 |    145 |     15 |      0 |    134 |   1 |  160.0 |
               +--------+--------+--------+--------+--------+-----+--------+

Top non-repeatable levels by time:
     D:6: 2183 daAuts
     D:9: 1826 daAuts
     D:8: 1692 daAuts
     D:7: 1654 daAuts
    D:11: 1606 daAuts
    D:12: 1479 daAuts
    D:10: 1418 daAuts
     D:4: 1308 daAuts
     D:3: 1244 daAuts
     D:5: 1214 daAuts
     D:1: 1166 daAuts
     D:2: 824 daAuts
  Temple: 160 daAuts
